Penguins vs Canucks

Created - 8 octobre 2015 at 19:24

Goals
1 2 3 T
Penguins 3 0 0 3
Canucks 2 0 2 4
Shots
1 2 3 T
Penguins 17 7 5 29
Canucks 10 6 6 22

1st period

1. Penguins , Simon Gagné 1 (Bobby Ryan, Steven Stamkos) at 4:05
2. Canucks , Matt Stajan 1 (Tom Poti, Carey Price) at 9:36 (PP)
3. Canucks , Peter Worrell 1 (Alex Goligoski, Tomas Plekanec) at 12:39
4. Penguins , Steven Stamkos 2 (Simon Gagné, Bobby Ryan) at 12:49
5. Penguins , Darren Reid 1 (Oleg Kvasha) at 19:51

Penalties :
Steve Sullivan (Pit) for High sticking (Minor) at 8:00, Maxim Lapierre (Van) for Charging (Minor) at 9:50, Steven Stamkos (Pit) for Hooking (Minor) at 13:13, Sami Lepisto (Van) for High sticking (Minor) at 17:23

2nd period

No Goal

Penalties :
Steve Montador (Van) for Fighting (Major) at 5:22, Paul Ranger (Pit) for Fighting (Major) at 5:22, Jaromir Jagr (Van) for Hooking (Minor) at 5:46, Paul Ranger (Pit) for High sticking (Minor) at 15:05

3rd period

6. Canucks , David Jones 1 (Alex Goligoski) at 15:27
7. Canucks , Peter Worrell 2 (Tomas Plekanec) at 16:14

Penalties :
Paul Ranger (Pit) for Checking from behind (Major) at 4:10, Matt Stajan (Van) for High sticking (Minor) at 19:12

Goalie Stats

Brian Elliott (Pit), 18 saves from 22 shots - (0,818), L, 0-1-1, 59:18 minutes
Carey Price (Van), 26 saves from 29 shots - (0,897), W, 1-0-0, 60:00 minutes

Players Stats for Penguins

Player Name              G  A  P  +/- PIM S  H  SB GA TA FO     MP     PP MP  PK MP  
------------------------------------------------------------------------------------
Bobby Ryan               0  2  2   2  0   3  0  0  1  1  0/0    19:31   4:17   0:20 
Brendan Smith            0  0  0  -1  0   0  1  0  0  0  0/0    10:36   0:42   1:50 
Brent Sopel              0  0  0   2  0   1  0  3  0  1  0/0    29:19   5:24   3:49 
Brian McGrattan          0  0  0  -1  0   0  2  0  0  0  0/0    10:54   0:00   4:25 
Brooks Orpik             0  0  0   2  0   3  0  1  0  2  0/0    30:53   4:47   5:48 
Darren Reid              1  0  1  -1  0   2  4  0  1  0  0/0    12:45   0:00   3:07 
Denis Arkhipov           0  0  0  -1  0   1  3  1  0  0  1/5    10:57   0:00   4:28 
Dustin Penner            0  0  0   0  0   3  2  0  1  0  0/0    16:41   2:27   2:44 
Ladislav Nagy            0  0  0  -1  0   1  1  0  0  0  0/0     6:18   0:00   0:17 
Luke Schenn              0  0  0  -1  0   0  2  3  0  0  0/0    20:02   1:57   3:52 
Nathan Horton            0  0  0   0  0   1  2  0  1  0  1/1    17:52   2:27   3:07 
Oleg Kvasha              0  1  1  -1  0   0  1  0  0  0  2/8    11:58   0:00   2:45 
Paul Ranger              0  0  0  -1  12  0  0  1  0  2  0/0     8:56   0:38   0:00 
Ryan Kesler              0  0  0   0  0   2  2  0  1  0  11/16  14:20   2:27   0:00 
Sean Zimmerman           0  0  0  -1  0   0  0  1  0  0  0/0    20:06   0:00   5:27 
Simon Gagné              1  1  2   2  0   4  2  0  1  1  0/2    19:23   4:17   0:00 
Steve Sullivan           0  0  0  -1  2   1  2  0  0  1  0/0     9:12   0:00   0:00 
Steven Stamkos           1  1  2   2  2   7  2  0  0  0  16/33  19:39   4:17   0:13 

Players Stats for Canucks

Player Name              G  A  P  +/- PIM S  H  SB GA TA FO     MP     PP MP  PK MP  
------------------------------------------------------------------------------------
Alex Goligoski           0  2  2  -1  0   4  1  1  2  1  0/0    28:06   4:48   4:32 
Alex Tanguay             0  0  0  -1  0   0  1  0  0  0  0/0    11:43   1:14   0:40 
Antti Miettinen          0  0  0   0  0   0  2  2  0  0  0/1     9:00   1:15   0:00 
Clarke MacArthur         0  0  0  -2  0   3  2  0  0  0  0/0    19:47   4:28   1:18 
Daniel Paille            0  0  0   0  0   0  0  0  0  0  2/2     9:42   0:00   1:46 
David Jones              1  0  1   3  0   5  1  0  0  0  0/0    14:55   4:28   0:00 
Jaromir Jagr             0  0  0  -2  2   1  0  0  0  1  8/11   22:38   4:47   3:30 
Karl Alzner              0  0  0  -1  0   0  0  1  0  0  0/0    14:31   1:57   1:13 
Kent Huskins             0  0  0  -1  0   1  0  1  0  0  0/0    16:28   5:30   0:00 
Matt Stajan              1  0  1  -2  2   1  1  0  0  0  11/26  22:47   4:51   4:05 
Maxim Lapierre           0  0  0  -1  2   0  0  1  2  1  2/8    11:12   0:32   0:51 
Nikolai Zherdev          0  0  0  -1  0   1  2  0  0  0  0/0    10:37   0:46   0:00 
Olli Jokinen             0  0  0   0  0   1  0  0  0  0  1/3     7:53   0:00   0:00 
Peter Worrell            2  0  2   3  0   3  4  0  0  1  1/1    18:06   4:50   1:18 
Sami Lepisto             0  0  0   2  2   0  2  0  1  1  0/0    20:09   5:01   1:49 
Steve Montador           0  0  0   0  5   1  1  3  0  0  0/0    18:00   0:00   1:22 
Tom Poti                 0  1  1   1  0   1  0  1  2  0  0/0    22:52   3:50   4:32 
Tomas Plekanec           0  2  2   3  0   0  2  1  1  1  9/13   14:45   4:28   0:00 

3 Stars

1 - Peter Worrell (Van)
2 - Simon Gagné (Pit)
3 - Tomas Plekanec (Van)

Power Play

Penguins - 0 on 4 Attempt(s) - 0,00%
Canucks - 1 on 4 Attempt(s) - 25,00%

Penalty Kill

Penguins - 3 on 4 Attempt(s) - 75,00% - Score 0 goal in Penalty Kill
Canucks - 4 on 4 Attempt(s) - 100,00% - Score 0 goal in Penalty Kill

Team Stat

Penguins - Hits : 26 - Faceoff Wins : 31 - Blocked Shots : 10 - Penalty Minutes : 16
Canucks - Hits : 19 - Faceoff Wins : 34 - Blocked Shots : 11 - Penalty Minutes : 13

Official

Referees : Watson Brad and McCreary Bill
Linesman : Greg Devorski and Mark Pare

Game Notes

Paul Ranger beats up Steve Montador at 5:22 of 2nd period

Finance

Level 1 -- Attendance: 6000 (100,00%) -- Ticket Income 516 000 $
Level 2 -- Attendance: 5000 (100,00%) -- Ticket Income 245 000 $
Level 3 -- Attendance: 1997 (99,85%) -- Ticket Income 59 910 $
Level 4 -- Attendance: 3598 (89,95%) -- Ticket Income 61 166 $
Luxury Box -- Attendance: 1000 (100,00%) -- Ticket Income 100 000 $
Game was played at the Budweiser Coliseum'
Total Attendance: 17595 (97,75%)
Total Ticket Income: 982 076 $
Other Income: 147 311 $
Total Income: 1 129 387 $

Penguins

5 vs 5 Forward 
   Center                   Left Wing                Right Wing               Time % Phy DF OF 
 1 Steven Stamkos           Simon Gagné              Bobby Ryan               40     1   2  2  
 2 Ryan Kesler              Dustin Penner            Nathan Horton            30     1   2  2  
 3 Oleg Kvasha              Steve Sullivan           Darren Reid              20     1   2  2  
 4 Denis Arkhipov           Ladislav Nagy            Brian McGrattan          10     1   2  2  

5 vs 5 Defense 
   Defense                  Defense                                           Time % Phy DF OF 
 1 Brooks Orpik             Brent Sopel                                       40     1   2  2  
 2 Sean Zimmerman           Luke Schenn                                       30     1   2  2  
 3 Paul Ranger              Brendan Smith                                     20     1   2  2  
 4 Brooks Orpik             Brent Sopel                                       10     1   2  2  

PowerPlay Forward 
   Center                   Left Wing                Right Wing               Time % Phy DF OF 
 1 Steven Stamkos           Simon Gagné              Bobby Ryan               60     1   2  2  
 2 Ryan Kesler              Dustin Penner            Nathan Horton            40     1   2  2  

PowerPlay Defense
   Defense                  Defense                                           Time % Phy DF OF 
 1 Brooks Orpik             Brent Sopel                                       60     1   2  2  
 2 Brent Sopel              Luke Schenn                                       40     1   2  2  

Penalty Kill 4 Players Forward 
   Center                   Wing                     Time % Phy DF OF 
 1 Denis Arkhipov           Brian McGrattan          60     1   2  2  
 2 Darren Reid              Nathan Horton            40     1   2  2  

Penalty Kill 4 Players Defense
   Defense                  Defense                  Time % Phy DF OF 
 1 Brooks Orpik             Sean Zimmerman           60     1   2  2  
 2 Brent Sopel              Luke Schenn              40     1   2  2  

Penalty Kill - 3 Players Forward 
   Forward                                           Time % Phy DF OF 
 1 Darren Reid                                       60     1   2  2  
 2 Bobby Ryan                                        40     1   2  2  

Penalty Kill - 3 Players Defense
   Defense                  Defense                  Time % Phy DF OF 
 1 Brooks Orpik             Sean Zimmerman           60     1   2  2  
 2 Brent Sopel              Luke Schenn              40     1   2  2  

4 vs 4 Forward 
   Center                   Wing                     Time % Phy DF OF 
 1 Ryan Kesler              Bobby Ryan               60     1   2  2  
 2 Oleg Kvasha              Nathan Horton            40     1   2  2  

4 vs 4 Defense
   Defense                  Defense                  Time % Phy DF OF 
 1 Brooks Orpik             Sean Zimmerman           60     1   2  2  
 2 Brent Sopel              Luke Schenn              40     1   2  2  

Last Minutes Offensive
   Center                   Left Wing                Right Wing               Defense                  Defense                  
   Ryan Kesler              Simon Gagné              Nathan Horton            Brooks Orpik             Sean Zimmerman           

Last Minutes Defensive
   Center                   Left Wing                Right Wing               Defense                  Defense                  
   Ryan Kesler              Simon Gagné              Darren Reid              Brooks Orpik             Sean Zimmerman           

Goaltenders
Starting : Brian Elliott            
Backup : Josh Tordjman            

Extra Forwards
Normal : Darren Reid, Steve Sullivan, Brian McGrattan - PP : Darren Reid, Steve Sullivan - PK : Brian McGrattan
Extra Defensemen
Normal : Paul Ranger, Brendan Smith, Brent Sopel - PP : Paul Ranger - PK : Brendan Smith, Brent Sopel
Penalty Shots
Ryan Kesler, Simon Gagné, Bobby Ryan, Nathan Horton, Dustin Penner

Canucks

5 vs 5 Forward 
   Center                   Left Wing                Right Wing               Time % Phy DF OF 
 1 Matt Stajan              Clarke MacArthur         Jaromir Jagr             40     1   2  2  
 2 Tomas Plekanec           Peter Worrell            David Jones              30     1   2  2  
 3 Maxim Lapierre           Alex Tanguay             Nikolai Zherdev          20     1   2  2  
 4 Olli Jokinen             Daniel Paille            Antti Miettinen          10     1   2  2  

5 vs 5 Defense 
   Defense                  Defense                                           Time % Phy DF OF 
 1 Steve Montador           Alex Goligoski                                    40     1   2  2  
 2 Sami Lepisto             Tom Poti                                          30     1   2  2  
 3 Kent Huskins             Karl Alzner                                       20     1   2  2  
 4 Alex Goligoski           Tom Poti                                          10     1   2  2  

PowerPlay Forward 
   Center                   Left Wing                Right Wing               Time % Phy DF OF 
 1 Matt Stajan              Peter Worrell            Jaromir Jagr             60     1   2  2  
 2 Tomas Plekanec           Clarke MacArthur         David Jones              40     1   2  2  

PowerPlay Defense
   Defense                  Defense                                           Time % Phy DF OF 
 1 Alex Goligoski           Tom Poti                                          60     1   2  2  
 2 Kent Huskins             Sami Lepisto                                      40     1   2  2  

Penalty Kill 4 Players Forward 
   Center                   Wing                     Time % Phy DF OF 
 1 Jaromir Jagr             Matt Stajan              60     1   2  2  
 2 Peter Worrell            Clarke MacArthur         40     1   2  2  

Penalty Kill 4 Players Defense
   Defense                  Defense                  Time % Phy DF OF 
 1 Alex Goligoski           Tom Poti                 60     1   2  2  
 2 Sami Lepisto             Steve Montador           40     1   2  2  

Penalty Kill - 3 Players Forward 
   Forward                                           Time % Phy DF OF 
 1 Jaromir Jagr                                      60     1   2  2  
 2 Matt Stajan                                       40     1   2  2  

Penalty Kill - 3 Players Defense
   Defense                  Defense                  Time % Phy DF OF 
 1 Kent Huskins             Tom Poti                 60     1   2  2  
 2 Sami Lepisto             Karl Alzner              40     1   2  2  

4 vs 4 Forward 
   Center                   Wing                     Time % Phy DF OF 
 1 Jaromir Jagr             Matt Stajan              60     1   2  2  
 2 Peter Worrell            Clarke MacArthur         40     1   2  2  

4 vs 4 Defense
   Defense                  Defense                  Time % Phy DF OF 
 1 Kent Huskins             Tom Poti                 60     1   2  2  
 2 Karl Alzner              Steve Montador           40     1   2  2  

Last Minutes Offensive
   Center                   Left Wing                Right Wing               Defense                  Defense                  
   Matt Stajan              Peter Worrell            Jaromir Jagr             Alex Goligoski           Tom Poti                 

Last Minutes Defensive
   Center                   Left Wing                Right Wing               Defense                  Defense                  
   Matt Stajan              Peter Worrell            Jaromir Jagr             Alex Goligoski           Tom Poti                 

Goaltenders
Starting : Carey Price              
Backup : Chad Johnson             

Extra Forwards
Normal : Alex Tanguay, Antti Miettinen, Olli Jokinen - PP : Alex Tanguay, Antti Miettinen - PK : Daniel Paille
Extra Defensemen
Normal : Steve Montador, Karl Alzner, Kent Huskins - PP : Alex Goligoski - PK : Karl Alzner, Kent Huskins
Penalty Shots
Jaromir Jagr, Matt Stajan, Peter Worrell, Clarke MacArthur, Maxim Lapierre

% Time on Ice - Penguins

Lines # - Real PCT - Wanted PCT - Time Play
Normal Forward
1 - 36% - 40% - 15:11
2 - 28% - 30% - 11:55
3 - 22% - 20% - 9:13
4 - 14% - 10% - 6:01
Normal Defense
1 - 39% - 40% - 16:25
2 - 33% - 30% - 14:02
3 - 23% - 20% - 9:50
4 - 5% - 10% - 2:03
PP Forward
1 - 64% - 60% - 4:17
2 - 36% - 40% - 2:27
PP Defense
1 - 71% - 60% - 4:47
2 - 29% - 40% - 1:57
PK Forward
1 - 70% - 60% - 7:26
2 - 30% - 40% - 3:07
PK Defense
1 - 65% - 60% - 6:50
2 - 35% - 40% - 3:43
PK3 Forward
1 - 0% - 60%
2 - 0% - 40%
PK3 Defense
1 - 0% - 60%
2 - 0% - 40%
44 Forward
1 - 0% - 60%
2 - 0% - 40%
44 Defense
1 - 0% - 60%
2 - 0% - 40%
Last Minute Offensive  - 0:23
Last Minute Defensive  - 0:00
Total
Forward - 60:00
Defense - 60:00

% Time on Ice - Canucks

Lines # - Real PCT - Wanted PCT - Time Play
Normal Forward
1 - 32% - 40% - 13:30
2 - 27% - 30% - 11:23
3 - 23% - 20% - 9:33
4 - 19% - 10% - 7:53
Normal Defense
1 - 43% - 40% - 18:04
2 - 30% - 30% - 12:53
3 - 24% - 20% - 10:10
4 - 3% - 10% - 1:12
PP Forward
1 - 55% - 60% - 5:48
2 - 45% - 40% - 4:45
PP Defense
1 - 47% - 60% - 4:59
2 - 53% - 40% - 5:34
PK Forward
1 - 81% - 60% - 5:26
2 - 19% - 40% - 1:18
PK Defense
1 - 67% - 60% - 4:32
2 - 33% - 40% - 2:12
PK3 Forward
1 - 0% - 60%
2 - 0% - 40%
PK3 Defense
1 - 0% - 60%
2 - 0% - 40%
44 Forward
1 - 0% - 60%
2 - 0% - 40%
44 Defense
1 - 0% - 60%
2 - 0% - 40%
Last Minute Offensive  - 0:00
Last Minute Defensive  - 0:24
Total
Forward - 60:00
Defense - 60:00

Play by Play

1st period


0:01 of 1st period - Matt Stajan wins face-off versus Steven Stamkos in neutral zone.
1:29 of 1st period - Antti Miettinen is hit by Ladislav Nagy and loses puck.
2:12 of 1st period - Wrist shot by Matt Stajan.
2:12 of 1st period - Shot Blocked by Luke Schenn.
2:14 of 1st period - Snap shot by Jaromir Jagr.
2:14 of 1st period - Stopped by Brian Elliott with a rebound.
2:16 of 1st period - Snap shot by Tom Poti.
2:16 of 1st period - Stopped by Brian Elliott with a rebound.
2:35 of 1st period - Icing by Sean Zimmerman.
2:36 of 1st period - Tomas Plekanec wins face-off versus Oleg Kvasha in Penguins zone.
3:01 of 1st period - Bobby Ryan is hit by Matt Stajan and loses puck.
3:30 of 1st period - Backhand shot by Nikolai Zherdev.
3:30 of 1st period - Stopped by Brian Elliott without a rebound.
3:31 of 1st period - Ryan Kesler wins face-off versus Maxim Lapierre in Penguins zone.
4:05 of 1st period - Snap shot by Simon Gagné.
4:05 of 1st period - Goal by Simon Gagné - Penguins : 1 - Canucks : 0.
4:06 of 1st period - Tomas Plekanec wins face-off versus Steven Stamkos in neutral zone.
4:17 of 1st period - Snap shot by Simon Gagné.
4:17 of 1st period - Stopped by Carey Price with a rebound.
4:19 of 1st period - Slapshot by Paul Ranger.
4:19 of 1st period - Shot Blocked by Steve Montador.
4:43 of 1st period - Snap shot by Peter Worrell.
4:43 of 1st period - Deflect By David Jones.
4:43 of 1st period - Stopped by Brian Elliott without a rebound.
4:44 of 1st period - Nathan Horton wins face-off versus Matt Stajan in Penguins zone.
4:57 of 1st period - Snap shot by Ryan Kesler.
4:57 of 1st period - Deflect By Nathan Horton.
4:57 of 1st period - Shot Misses the Net.
4:57 of 1st period - Puck is out of play.
4:58 of 1st period - Steven Stamkos wins face-off versus Matt Stajan in Canucks zone.
4:59 of 1st period - Snap shot by Bobby Ryan.
4:59 of 1st period - Shot Misses the Net.
5:01 of 1st period - Snap shot by Brooks Orpik.
5:01 of 1st period - Deflect By Bobby Ryan.
5:01 of 1st period - Shot Misses the Net.
5:01 of 1st period - Puck is out of play.
5:02 of 1st period - Matt Stajan wins face-off versus Steven Stamkos in Canucks zone.
5:02 of 1st period - Matt Stajan is hit by Steven Stamkos.
5:10 of 1st period - Brooks Orpik is hit by Steve Montador and loses puck.
6:32 of 1st period - Wrist shot by David Jones.
6:32 of 1st period - Shot Blocked by Brent Sopel.
6:58 of 1st period - Snap shot by Dustin Penner.
6:58 of 1st period - Stopped by Carey Price without a rebound.
6:59 of 1st period - Ryan Kesler wins face-off versus Matt Stajan in Canucks zone.
7:14 of 1st period - Slapshot by Ryan Kesler.
7:14 of 1st period - Shot Misses the Net.
8:00 of 1st period - Minor Penalty to Steve Sullivan for High sticking.
8:01 of 1st period - Matt Stajan wins face-off versus Denis Arkhipov in Penguins zone.
9:00 of 1st period - Wrist shot by David Jones.
9:00 of 1st period - Stopped by Brian Elliott with a rebound.
9:02 of 1st period - Wrist shot by Clarke MacArthur.
9:02 of 1st period - Stopped by Brian Elliott with a rebound.
9:36 of 1st period - Snap shot by Matt Stajan.
9:36 of 1st period - Goal by Matt Stajan - Penguins : 1 - Canucks : 1.
9:37 of 1st period - Steven Stamkos wins face-off versus Maxim Lapierre in neutral zone.
9:50 of 1st period - Minor Penalty to Maxim Lapierre for Charging.
9:51 of 1st period - Steven Stamkos wins face-off versus Jaromir Jagr in Canucks zone.
9:55 of 1st period - Snap shot by Bobby Ryan.
9:55 of 1st period - Stopped by Carey Price without a rebound.
9:56 of 1st period - Jaromir Jagr wins face-off versus Steven Stamkos in Canucks zone.
10:12 of 1st period - Off-side.
10:13 of 1st period - Jaromir Jagr wins face-off versus Ryan Kesler in neutral zone.
11:50 of 1st period - Penalty to Maxim Lapierre is over, Maxim Lapierre is back on ice.
12:27 of 1st period - Slapshot by Kent Huskins.
12:27 of 1st period - Deflect By Sean Zimmerman.
12:27 of 1st period - Stopped by Brian Elliott without a rebound.
12:28 of 1st period - Tomas Plekanec wins face-off versus Oleg Kvasha in Penguins zone.
12:29 of 1st period - Slapshot by Peter Worrell.
12:29 of 1st period - Shot Blocked by Sean Zimmerman.
12:31 of 1st period - Snap shot by Tomas Plekanec.
12:31 of 1st period - Shot Blocked by Luke Schenn.
12:33 of 1st period - Backhand shot by Alex Goligoski.
12:33 of 1st period - Shot Blocked by Luke Schenn.
12:35 of 1st period - Slapshot by Alex Goligoski.
12:35 of 1st period - Stopped by Brian Elliott with a rebound.
12:37 of 1st period - Slapshot by Alex Goligoski.
12:37 of 1st period - Shot Misses the Net.
12:39 of 1st period - Wrist shot by Peter Worrell.
12:39 of 1st period - Goal by Peter Worrell - Penguins : 1 - Canucks : 2.
12:40 of 1st period - Steven Stamkos wins face-off versus Jaromir Jagr in neutral zone.
12:47 of 1st period - Snap shot by Steven Stamkos.
12:47 of 1st period - Stopped by Carey Price with a rebound.
12:49 of 1st period - Snap shot by Steven Stamkos.
12:49 of 1st period - Goal by Steven Stamkos - Penguins : 2 - Canucks : 2.
12:50 of 1st period - Steven Stamkos wins face-off versus Matt Stajan in neutral zone.
13:13 of 1st period - Minor Penalty to Steven Stamkos for Hooking.
13:14 of 1st period - Denis Arkhipov wins face-off versus Matt Stajan in Penguins zone.
13:25 of 1st period - Snap shot by Matt Stajan.
13:25 of 1st period - Shot Misses the Net.
13:27 of 1st period - Snap shot by Matt Stajan.
13:27 of 1st period - Shot Blocked by Denis Arkhipov.
13:29 of 1st period - Wrist shot by Jaromir Jagr.
13:29 of 1st period - Shot Misses the Net.
15:13 of 1st period - Penalty to Steven Stamkos is over, Steven Stamkos is back on ice.
15:37 of 1st period - Backhand shot by Steven Stamkos.
15:37 of 1st period - Stopped by Carey Price with a rebound.
15:39 of 1st period - Wrist shot by Steven Stamkos.
15:39 of 1st period - Stopped by Carey Price without a rebound.
15:40 of 1st period - Ryan Kesler wins face-off versus Maxim Lapierre in Canucks zone.
15:43 of 1st period - Snap shot by Ryan Kesler.
15:43 of 1st period - Shot Blocked by Maxim Lapierre.
15:45 of 1st period - Wrist shot by Paul Ranger.
15:45 of 1st period - Deflect By Ryan Kesler.
15:45 of 1st period - Stopped by Carey Price without a rebound.
15:46 of 1st period - Ryan Kesler wins face-off versus Maxim Lapierre in Canucks zone.
16:17 of 1st period - Snap shot by Dustin Penner.
16:17 of 1st period - Stopped by Carey Price without a rebound.
16:18 of 1st period - Steven Stamkos wins face-off versus Antti Miettinen in Canucks zone.
16:19 of 1st period - Snap shot by Simon Gagné.
16:19 of 1st period - Shot Misses the Net.
16:21 of 1st period - Slapshot by Brooks Orpik.
16:21 of 1st period - Shot Misses the Net.
16:23 of 1st period - Snap shot by Simon Gagné.
16:23 of 1st period - Stopped by Carey Price with a rebound.
16:25 of 1st period - Slapshot by Brent Sopel.
16:25 of 1st period - Stopped by Carey Price with a rebound.
16:27 of 1st period - Snap shot by Brent Sopel.
16:27 of 1st period - Shot Misses the Net.
16:43 of 1st period - Icing by Olli Jokinen.
16:44 of 1st period - Oleg Kvasha wins face-off versus Olli Jokinen in Canucks zone.
16:45 of 1st period - Snap shot by Darren Reid.
16:45 of 1st period - Shot Blocked by Alex Goligoski.
16:47 of 1st period - Slapshot by Luke Schenn.
16:47 of 1st period - Deflect By Ryan Kesler.
16:47 of 1st period - Stopped by Carey Price without a rebound.
16:48 of 1st period - Ryan Kesler wins face-off versus Matt Stajan in Canucks zone.
17:23 of 1st period - Minor Penalty to Sami Lepisto for High sticking.
17:24 of 1st period - Jaromir Jagr wins face-off versus Steven Stamkos in Canucks zone.
17:40 of 1st period - Slapshot by Brooks Orpik.
17:40 of 1st period - Stopped by Carey Price without a rebound.
17:41 of 1st period - Steven Stamkos wins face-off versus Jaromir Jagr in Canucks zone.
18:05 of 1st period - Dustin Penner is hit by Peter Worrell.
18:09 of 1st period - Slapshot by Brooks Orpik.
18:09 of 1st period - Deflect By Clarke MacArthur.
18:09 of 1st period - Stopped by Carey Price without a rebound.
18:10 of 1st period - Peter Worrell wins face-off versus Steven Stamkos in Canucks zone.
18:43 of 1st period - Slapshot by Dustin Penner.
18:43 of 1st period - Stopped by Carey Price without a rebound.
18:44 of 1st period - Jaromir Jagr wins face-off versus Simon Gagné in Canucks zone.
18:50 of 1st period - Off-side.
18:51 of 1st period - Jaromir Jagr wins face-off versus Steven Stamkos in neutral zone.
18:55 of 1st period - Off-side.
18:56 of 1st period - Jaromir Jagr wins face-off versus Steven Stamkos in neutral zone.
19:23 of 1st period - Penalty to Sami Lepisto is over, Sami Lepisto is back on ice.
19:29 of 1st period - Slapshot by Tom Poti.
19:29 of 1st period - Shot Blocked by Brent Sopel.
19:51 of 1st period - Wrist shot by Darren Reid.
19:51 of 1st period - Goal by Darren Reid - Penguins : 3 - Canucks : 2.
19:52 of 1st period - Steven Stamkos wins face-off versus Matt Stajan in neutral zone.
19:59 of 1st period - Wrist shot by Steven Stamkos.
19:59 of 1st period - Shot Misses the Net.
Goals for this period are 3 for Penguins vs 2 for Canucks.
Shots for this period are 17 for Penguins vs 10 for Canucks.

2nd period


0:01 of 2nd period - Matt Stajan wins face-off versus Steven Stamkos in neutral zone.
0:03 of 2nd period - Off-side.
0:04 of 2nd period - Steven Stamkos wins face-off versus Matt Stajan in neutral zone.
0:06 of 2nd period - Off-side.
0:07 of 2nd period - Steven Stamkos wins face-off versus Matt Stajan in neutral zone.
0:16 of 2nd period - Wrist shot by Steven Stamkos.
0:16 of 2nd period - Stopped by Carey Price with a rebound.
0:26 of 2nd period - Snap shot by Bobby Ryan.
0:26 of 2nd period - Stopped by Carey Price with a rebound.
1:09 of 2nd period - Alex Goligoski is hit by Simon Gagné and loses puck.
1:16 of 2nd period - Slapshot by Alex Goligoski.
1:16 of 2nd period - Stopped by Brian Elliott without a rebound.
1:17 of 2nd period - Ryan Kesler wins face-off versus Tomas Plekanec in Penguins zone.
1:19 of 2nd period - Icing by Nathan Horton.
1:20 of 2nd period - Ryan Kesler wins face-off versus Tomas Plekanec in Penguins zone.
1:20 of 2nd period - Ryan Kesler is hit by Peter Worrell.
1:55 of 2nd period - Sean Zimmerman is hit by Nikolai Zherdev and loses puck.
2:06 of 2nd period - Snap shot by Olli Jokinen.
2:06 of 2nd period - Stopped by Brian Elliott with a rebound.
3:22 of 2nd period - Slapshot by Steven Stamkos.
3:22 of 2nd period - Shot Blocked by Steve Montador.
3:51 of 2nd period - Snap shot by Steve Sullivan.
3:51 of 2nd period - Shot Blocked by Antti Miettinen.
4:19 of 2nd period - Bobby Ryan is hit by Alex Tanguay and loses puck.
4:38 of 2nd period - Denis Arkhipov is hit by Tomas Plekanec and loses puck.
5:00 of 2nd period - Antti Miettinen is hit by Nathan Horton and loses puck.
5:07 of 2nd period - Wrist shot by Dustin Penner.
5:07 of 2nd period - Shot Misses the Net.
5:21 of 2nd period - Wrist shot by Clarke MacArthur.
5:21 of 2nd period - Stopped by Brian Elliott without a rebound.
5:22 of 2nd period - Matt Stajan wins face-off versus Steven Stamkos in Penguins zone.
5:22 of 2nd period - Paul Ranger beats up Steve Montador.
5:22 of 2nd period - Penalty to Steve Montador for Fighting.
5:22 of 2nd period - Penalty to Paul Ranger for Fighting.
5:23 of 2nd period - Steven Stamkos wins face-off versus Matt Stajan in Penguins zone.
5:46 of 2nd period - Minor Penalty to Jaromir Jagr for Hooking.
5:47 of 2nd period - Daniel Paille wins face-off versus Steven Stamkos in Canucks zone.
6:02 of 2nd period - Snap shot by Steven Stamkos.
6:02 of 2nd period - Stopped by Carey Price without a rebound.
6:03 of 2nd period - Daniel Paille wins face-off versus Simon Gagné in Canucks zone.
6:56 of 2nd period - Snap shot by Alex Tanguay.
6:56 of 2nd period - Shot Misses the Net.
7:36 of 2nd period - Matt Stajan is hit by Dustin Penner and loses puck.
7:46 of 2nd period - Penalty to Jaromir Jagr is over, Jaromir Jagr is back on ice.
8:23 of 2nd period - Antti Miettinen is hit by Darren Reid and loses puck.
9:47 of 2nd period - Sami Lepisto is hit by Ryan Kesler and loses puck.
10:22 of 2nd period - Jaromir Jagr is hit by Brian McGrattan and loses puck.
10:35 of 2nd period - Dustin Penner is hit by Tomas Plekanec and loses puck.
10:44 of 2nd period - Icing by Sami Lepisto.
10:45 of 2nd period - Tomas Plekanec wins face-off versus Steven Stamkos in Canucks zone.
10:50 of 2nd period - Slapshot by David Jones.
10:50 of 2nd period - Shot Blocked by Paul Ranger.
11:17 of 2nd period - Wrist shot by Matt Stajan.
11:17 of 2nd period - Deflect By Ryan Kesler.
11:17 of 2nd period - Shot Misses the Net.
11:17 of 2nd period - Puck is out of play.
11:18 of 2nd period - Steven Stamkos wins face-off versus Matt Stajan in Penguins zone.
12:10 of 2nd period - Karl Alzner is hit by Luke Schenn and loses puck.
12:35 of 2nd period - Luke Schenn is hit by Sami Lepisto and loses puck.
13:52 of 2nd period - Paul Ranger is hit by Antti Miettinen and loses puck.
14:09 of 2nd period - Jaromir Jagr is hit by Denis Arkhipov and loses puck.
14:48 of 2nd period - Oleg Kvasha is hit by David Jones.
14:58 of 2nd period - Slapshot by Steve Sullivan.
14:58 of 2nd period - Stopped by Carey Price without a rebound.
14:59 of 2nd period - Matt Stajan wins face-off versus Steven Stamkos in Canucks zone.
15:05 of 2nd period - Minor Penalty to Paul Ranger for High sticking.
15:06 of 2nd period - Matt Stajan wins face-off versus Denis Arkhipov in Penguins zone.
15:14 of 2nd period - Snap shot by Peter Worrell.
15:14 of 2nd period - Stopped by Brian Elliott with a rebound.
15:51 of 2nd period - Darren Reid is hit by Peter Worrell and loses puck.
17:05 of 2nd period - Penalty to Paul Ranger is over, Paul Ranger is back on ice.
17:26 of 2nd period - Snap shot by Nathan Horton.
17:26 of 2nd period - Shot Blocked by Antti Miettinen.
17:29 of 2nd period - Icing by Karl Alzner.
17:30 of 2nd period - Steven Stamkos wins face-off versus Olli Jokinen in Canucks zone.
17:31 of 2nd period - Snap shot by Simon Gagné.
17:31 of 2nd period - Deflect By Steven Stamkos.
17:31 of 2nd period - Shot Misses the Net.
17:31 of 2nd period - Puck is out of play.
17:32 of 2nd period - Olli Jokinen wins face-off versus Steven Stamkos in Canucks zone.
17:53 of 2nd period - Olli Jokinen is hit by Brendan Smith and loses puck.
18:02 of 2nd period - Snap shot by Bobby Ryan.
18:02 of 2nd period - Stopped by Carey Price with a rebound.
18:04 of 2nd period - Snap shot by Simon Gagné.
18:04 of 2nd period - Stopped by Carey Price with a rebound.
18:06 of 2nd period - Wrist shot by Simon Gagné.
18:06 of 2nd period - Deflect By Steven Stamkos.
18:06 of 2nd period - Stopped by Carey Price without a rebound.
18:07 of 2nd period - Matt Stajan wins face-off versus Ryan Kesler in Canucks zone.
18:12 of 2nd period - Slapshot by Alex Goligoski.
18:12 of 2nd period - Deflect By Nathan Horton.
18:12 of 2nd period - Stopped by Brian Elliott without a rebound.
18:13 of 2nd period - Matt Stajan wins face-off versus Ryan Kesler in Penguins zone.
18:43 of 2nd period - Off-side.
18:44 of 2nd period - Tomas Plekanec wins face-off versus Oleg Kvasha in neutral zone.
18:55 of 2nd period - Wrist shot by David Jones.
18:55 of 2nd period - Stopped by Brian Elliott without a rebound.
18:56 of 2nd period - Steven Stamkos wins face-off versus Matt Stajan in Penguins zone.
19:05 of 2nd period - Steven Stamkos is hit by Clarke MacArthur and loses puck.
19:24 of 2nd period - Slapshot by Clarke MacArthur.
19:24 of 2nd period - Deflect By David Jones.
19:24 of 2nd period - Shot Blocked by Brent Sopel.
19:24 of 2nd period - Puck is out of play.
19:25 of 2nd period - Ryan Kesler wins face-off versus Tomas Plekanec in Penguins zone.
19:25 of 2nd period - Ryan Kesler is hit by Sami Lepisto.
19:31 of 2nd period - Tom Poti is hit by Dustin Penner and loses puck.
19:50 of 2nd period - Ryan Kesler is hit by Nikolai Zherdev and loses puck.
Goals for this period are 0 for Penguins vs 0 for Canucks.
Shots for this period are 7 for Penguins vs 6 for Canucks.

3rd period


0:01 of 3rd period - Jaromir Jagr wins face-off versus Steven Stamkos in neutral zone.
0:04 of 3rd period - Brooks Orpik is hit by Alex Goligoski and loses puck.
0:31 of 3rd period - Icing by Dustin Penner.
0:32 of 3rd period - Ryan Kesler wins face-off versus Tomas Plekanec in Penguins zone.
0:41 of 3rd period - Snap shot by Dustin Penner.
0:41 of 3rd period - Shot Misses the Net.
1:06 of 3rd period - Off-side.
1:07 of 3rd period - Steven Stamkos wins face-off versus Matt Stajan in neutral zone.
1:46 of 3rd period - Slapshot by Steve Montador.
1:46 of 3rd period - Stopped by Brian Elliott with a rebound.
1:52 of 3rd period - Steven Stamkos is hit by Antti Miettinen and loses puck.
2:07 of 3rd period - Snap shot by Simon Gagné.
2:07 of 3rd period - Shot Misses the Net.
2:35 of 3rd period - Snap shot by Steven Stamkos.
2:35 of 3rd period - Shot Misses the Net.
2:37 of 3rd period - Slapshot by Brooks Orpik.
2:37 of 3rd period - Deflect By Antti Miettinen.
2:37 of 3rd period - Stopped by Carey Price with a rebound.
2:55 of 3rd period - Wrist shot by Olli Jokinen.
2:55 of 3rd period - Deflect By Daniel Paille.
2:55 of 3rd period - Shot Blocked by Brooks Orpik.
2:55 of 3rd period - Puck is out of play.
2:56 of 3rd period - Ryan Kesler wins face-off versus Matt Stajan in Penguins zone.
3:30 of 3rd period - Karl Alzner is hit by Darren Reid and loses puck.
3:45 of 3rd period - Alex Tanguay is hit by Denis Arkhipov and loses puck.
4:08 of 3rd period - Snap shot by Clarke MacArthur.
4:08 of 3rd period - Stopped by Brian Elliott with a rebound.
4:10 of 3rd period - Major Penalty to Paul Ranger for Checking from behind.
4:11 of 3rd period - Matt Stajan wins face-off versus Denis Arkhipov in Penguins zone.
4:22 of 3rd period - Alex Goligoski is hit by Denis Arkhipov.
4:41 of 3rd period - Brooks Orpik is hit by Clarke MacArthur and loses puck.
6:04 of 3rd period - Alex Goligoski is hit by Luke Schenn and loses puck.
9:10 of 3rd period - Penalty to Paul Ranger is over, Paul Ranger is back on ice.
9:32 of 3rd period - Karl Alzner is hit by Nathan Horton.
9:46 of 3rd period - David Jones is hit by Darren Reid.
10:24 of 3rd period - Nikolai Zherdev is hit by Darren Reid and loses puck.
10:59 of 3rd period - Snap shot by Denis Arkhipov.
10:59 of 3rd period - Stopped by Carey Price without a rebound.
11:00 of 3rd period - Tomas Plekanec wins face-off versus Steven Stamkos in Canucks zone.
11:16 of 3rd period - Jaromir Jagr is hit by Ryan Kesler and loses puck.
11:49 of 3rd period - Sami Lepisto is hit by Steve Sullivan and loses puck.
12:11 of 3rd period - Off-side.
12:12 of 3rd period - Tomas Plekanec wins face-off versus Ryan Kesler in neutral zone.
13:02 of 3rd period - Snap shot by Alex Goligoski.
13:02 of 3rd period - Shot Misses the Net.
13:10 of 3rd period - Steve Montador is hit by Oleg Kvasha.
13:24 of 3rd period - Slapshot by Brendan Smith.
13:24 of 3rd period - Shot Blocked by Tomas Plekanec.
13:26 of 3rd period - Snap shot by Ladislav Nagy.
13:26 of 3rd period - Stopped by Carey Price with a rebound.
14:07 of 3rd period - Wrist shot by Steven Stamkos.
14:07 of 3rd period - Shot Misses the Net.
14:31 of 3rd period - Slapshot by Brooks Orpik.
14:31 of 3rd period - Shot Blocked by Kent Huskins.
14:33 of 3rd period - Wrist shot by Nathan Horton.
14:33 of 3rd period - Shot Blocked by Karl Alzner.
14:54 of 3rd period - Off-side.
14:55 of 3rd period - Steven Stamkos wins face-off versus Matt Stajan in neutral zone.
15:00 of 3rd period - Backhand shot by Simon Gagné.
15:00 of 3rd period - Shot Misses the Net.
15:22 of 3rd period - Darren Reid is hit by Peter Worrell and loses puck.
15:27 of 3rd period - Snap shot by David Jones.
15:27 of 3rd period - Goal by David Jones - Penguins : 3 - Canucks : 3.
15:28 of 3rd period - Maxim Lapierre wins face-off versus Oleg Kvasha in neutral zone.
15:43 of 3rd period - Wrist shot by Darren Reid.
15:43 of 3rd period - Shot Misses the Net.
16:00 of 3rd period - Alex Goligoski is hit by Steven Stamkos and loses puck.
16:12 of 3rd period - Icing by Brendan Smith.
16:13 of 3rd period - Tomas Plekanec wins face-off versus Denis Arkhipov in Penguins zone.
16:14 of 3rd period - Wrist shot by Peter Worrell.
16:14 of 3rd period - Goal by Peter Worrell - Penguins : 3 - Canucks : 4.
16:15 of 3rd period - Oleg Kvasha wins face-off versus Maxim Lapierre in neutral zone.
16:22 of 3rd period - Wrist shot by Darren Reid.
16:22 of 3rd period - Stopped by Carey Price without a rebound.
16:23 of 3rd period - Maxim Lapierre wins face-off versus Oleg Kvasha in Canucks zone.
16:31 of 3rd period - Alex Goligoski is hit by Steve Sullivan and loses puck.
16:53 of 3rd period - Snap shot by Steven Stamkos.
16:53 of 3rd period - Shot Blocked by Steve Montador.
17:38 of 3rd period - Off-side.
17:39 of 3rd period - Ryan Kesler wins face-off versus Maxim Lapierre in neutral zone.
17:46 of 3rd period - Wrist shot by Nathan Horton.
17:46 of 3rd period - Stopped by Carey Price with a rebound.
18:08 of 3rd period - Wrist shot by David Jones.
18:08 of 3rd period - Stopped by Brian Elliott without a rebound.
18:09 of 3rd period - Tomas Plekanec wins face-off versus Oleg Kvasha in Penguins zone.
18:36 of 3rd period - Kent Huskins is hit by Brian McGrattan and loses puck.
18:59 of 3rd period - Slapshot by Alex Goligoski.
18:59 of 3rd period - Stopped by Brian Elliott without a rebound.
19:00 of 3rd period - Bryan Murray call a timeout for Penguins.
19:00 of 3rd period - Matt Stajan wins face-off versus Ryan Kesler in Penguins zone.
19:12 of 3rd period - Minor Penalty to Matt Stajan for High sticking.
19:13 of 3rd period - Jaromir Jagr wins face-off versus Steven Stamkos in Canucks zone.
19:13 of 3rd period - Jaromir Jagr is hit by Simon Gagné.
19:18 of 3rd period - Penguins, Brian Elliott is pulled from the net.
19:28 of 3rd period - Wrist shot by Bobby Ryan.
19:28 of 3rd period - Shot Misses the Net.
19:30 of 3rd period - Snap shot by Steven Stamkos.
19:30 of 3rd period - Shot Blocked by Tom Poti.
Goals for this period are 0 for Penguins vs 2 for Canucks.
Shots for this period are 5 for Penguins vs 6 for Canucks.


Output by the SimonT Hockey Simulator (STHS) for François Prévost -- Original Page W3C XHTML 1.0 Valid
Hockey Simulator - Hockey Simulation - Hockey Manager